 Dungeon Crawl Stone Soup version 0.28.0-1-gb440e238dd (webtiles) character file.

Game seed: 10663311493337079473

119 Zakn4fein the Skirmisher (level 4, -1/40 HPs)
             Began as a Minotaur Fighter on Feb 27, 2022.
             Slain by Grinder (6 damage)
             ... while paralysed by Grinder
             ... on level 3 of the Dungeon.
             The game lasted 00:07:11 (2997 turns).

Zakn4fein the Skirmisher (Minotaur Fighter)         Turns: 2997, Time: 00:07:11

Health: -1/40      AC:  9    Str: 21    XL:     4   Next: 74%
Magic:  3/3        EV:  2    Int:  5    God:
Gold:   34         SH:  0    Dex: 11    Spells: 3/3 levels left

rFire   . . .      SeeInvis .   a - +0 war axe
rCold   . . .      Faith    .   c - +0 buckler
rNeg    . . .      Spirit   .   k - +0 chain mail
rPois   .          Reflect  .   (helmet restricted)
rElec   .          Harm     .   (no cloak)
rCorr   .          Rampage  .   (no gloves)
Will    .....                   (no boots)
Stlth   ..........              (no amulet)
HPRegen 0.13/turn               (no ring)
MPRegen 0.08/turn               (no ring)

@: paralysed, glowing
A: horns 2, retaliatory headbutt
a: no special abilities


You were on level 3 of the Dungeon.
You visited 1 branch of the dungeon, and saw 3 of its levels.

You collected 34 gold pieces.

Inventory:

Hand Weapons
 a - a +0 war axe (weapon)
Missiles
 e - 3 poisoned darts (quivered)
Armour
 b - a +0 scale mail
 c - a +0 buckler (worn)
 k - a +0 chain mail (worn)
Scrolls
 g - a scroll of identify {unknown}
Potions
 d - a potion of might
 f - a potion of curing
 h - a potion of attraction {unknown}
 i - a potion of brilliance {unknown}
 j - a potion of degeneration {unknown}
 l - a potion of cancellation {unknown}


   Skills:
 * Level 4.3 Fighting
 + Level 3.5 Axes
 + Level 4.3 Armour
 + Level 0.1 Dodging
 + Level 4.1 Shields
 * Level 1.0 Invocations
 * Level 1.4 Evocations


You had 3 spell levels left.
You didn't know any spells.
Your spell library was empty.

Dungeon Overview and Level Annotations

Branches:
Dungeon (3/15)

Altars:
Makhleb
Zin

Annotations:
D:2 Natasha
D:3 Grinder


Innate Abilities, Weirdness & Mutations

You have a pair of horns on your head.
You reflexively headbutt those who attack you in melee.


Message History

You barely resist. Grinder gestures at you. Pain shoots through your body!
There is an open door here.
Grinder says, "FISH!"
Grinder gestures at you. You resist with significant effort.
The adder bites you but does no damage. The adder bites you.
You slash the adder!
The adder is severely wounded.
The adder bites you.
The angel recites Zin's Axioms of Law.
The adder bites you but does no damage.
You closely miss the adder. Your headbutt misses the adder.
The adder is heavily wounded.
The adder bites you but does no damage.
You barely miss the adder.
The adder is heavily wounded.
You hit Grinder. The adder bites you but does no damage.
Grinder hits you but does no damage. The adder bites you but does no damage.
Grinder hits you!
You writhe in agony.
You hit the adder.
You kill the adder!
You hit Grinder. Grinder hits you but does no damage.
You hit Grinder but do no damage.
Grinder is lightly wounded.
Grinder hits you!
* * * LOW HITPOINT WARNING * * *
You writhe in agony.
* * * LOW HITPOINT WARNING * * *
You hit Grinder but do no damage.
Grinder is lightly wounded.
Grinder hits you but does no damage.
The angel recites Zin's Axioms of Law.
Grinder gestures at you.
You suddenly lose the ability to move!
Grinder hits you.
* * * LOW HITPOINT WARNING * * *
You writhe in agony.
You die...

#.#.#....)......###
#####.#.#..!.##.....†..
........)....##....†...
....##..##...##.....###
. #...##.....<.##.#
#...###..##..##.#
###+...###.#..##.###
###.....### .#..##....
#A#_.@._#2# ..........
###.5...### ##.###.###
###'#.# # # #...##
#.### ######...## #....
......>...# ##+##.
######.#..# #.....
......... #..... ###.
.#.#..# .#.....


You could see an angel, a blizzard demon and Grinder.

Vanquished Creatures
  An orc priest (D:3)
  An orc wizard (D:3)
  Terence (D:2)
  A gnoll (D:1)
  An adder (D:3)
  4 orcs (D:3)
  A ball python (D:3)
  3 bats
  An endoplasm (D:1)
  A giant cockroach (D:2)
  2 hobgoblins
  2 kobolds
  2 quokkas (D:1)
  A frilled lizard (D:3)
  A goblin (D:3)
  2 rats
25 creatures vanquished.

Vanquished Creatures (others)
  A ghoul (D:1)
  A minotaur (D:1)
  An octopode (D:1)
  A gargoyle (D:1)
  2 elves (D:1)
  3 formicids (D:1)
  A demigod (D:1)
  2 dwarves (D:1)
  A felid (D:1)
  2 gnolls (D:1)
  2 plants (D:1)
  6 tentacles (D:1)
23 creatures vanquished.

Grand Total: 48 creatures vanquished

Notes
Turn   | Place    | Note
-------+----------+-------------------------------------------
     0 | D:1      | Zakn4fein the Minotaur Fighter began the quest for the Orb.
     0 | D:1      | Reached XP level 1. HP: 19/19 MP: 0/0
     2 | D:1      | Noticed a gargoyle
     2 | D:1      | Noticed a dwarf
     2 | D:1      | Noticed an octopode
     2 | D:1      | Noticed an elf
     2 | D:1      | Noticed a ghoul
     2 | D:1      | Noticed a formicid
     2 | D:1      | Noticed a demigod
     2 | D:1      | Noticed a kraken
     2 | D:1      | Noticed a formicid
     2 | D:1      | Noticed a felid
     2 | D:1      | Noticed a formicid
     2 | D:1      | Noticed an elf
     2 | D:1      | Noticed a minotaur
     2 | D:1      | Noticed a dwarf
     3 | D:1      | Killed a demigod
     5 | D:1      | Killed a dwarf
     9 | D:1      | Killed a gargoyle
    10 | D:1      | Killed a formicid
    10 | D:1      | Killed a formicid
    10 | D:1      | Killed an octopode
    12 | D:1      | Killed an elf
    14 | D:1      | Killed a formicid
    15 | D:1      | Killed an elf
    16 | D:1      | Killed a minotaur
    18 | D:1      | Killed a ghoul
    19 | D:1      | Killed a dwarf
    20 | D:1      | Killed a felid
  1085 | D:1      | Found a faded altar of an unknown god.
  1438 | D:1      | Reached XP level 2. HP: 27/27 MP: 1/1
  1844 | D:2      | Noticed Natasha
  1850 | D:2      | Noticed a crimson imp
  1853 | D:2      | Noticed a crimson imp
  2274 | D:2      | Noticed Terence
  2280 | D:2      | Killed Terence
  2281 | D:2      | Reached XP level 3. HP: 30/33 MP: 2/2
  2685 | D:3      | Reached skill level 1 in Evocations
  2685 | D:3      | Reached XP level 4. HP: 25/40 MP: 3/3
  2822 | D:3      | Reached skill level 1 in Invocations
  2959 | D:3      | Found a burning altar of Makhleb.
  2963 | D:3      | Found a glowing silver altar of Zin.
  2963 | D:3      | Noticed an angel
  2963 | D:3      | Noticed a blizzard demon
  2983 | D:3      | Noticed Grinder
  2996 | D:3      | Paralysed by Grinder for 3 turns
  2997 | D:3      | Slain by Grinder

Illustrated notes

Levels and vault maps discovered:
D:1:      nicolae_arrival_kraken_aquarium_b, layout_basic,
          chequers_ecumenical_altar_lobes
D:2:      layout_basic, basic_altar, uniq_sigmund, uniq_terence, uniq_natasha,
          uniq_robin
D:3:      minmay_roachtagon, layout_basic,
          grunt_temple_overflow_order_and_chaos_2, lemuel_doored_altar,
          kennysheep_generic_room_3, uniq_ijyb, uniq_grinder

Skill      XL: |  1  2  3  4 |
---------------+-------------+-----
Shields        | 4 |  4.1
Fighting       | 4 |  4.3
Armour         | 4 |  4.3
Axes           | 3 |  3.5
Evocations     | 1 |  1.4
Invocations    | 1 |  1.0
Dodging        | |  0.1

Action                   |  1- 3 |  4- 6 || total
-------------------------+-------+-------++-------
Melee: War axe           |    54 |    22 ||    76
       Headbutt          |     5 |     5 ||    10
Armor: Scale mail        |    40 |       ||    40
       Chain mail        |    15 |    12 ||    27
Dodge: Dodged            |    25 |     8 ||    33
Block: Buckler           |    11 |     4 ||    15
